 Dungeon Crawl Stone Soup version 0.30.1-11-g7821555f0a (webtiles) character file.

Game seed: 5814071089910442636

647934 Amplified the Slayer (level 27, 0/241 (244) HPs)
             Began as a Gnoll Fighter on Nov 2, 2023.
             Was an Elder of Okawaru.
             Slain by a tainted leviathan (12 damage)
             ... on level 7 of a ziggurat on Nov 3, 2023.
             The game lasted 01:56:19 (67719 turns).

Amplified the Slayer (Gnoll Fighter)               Turns: 67719, Time: 01:56:21

HP:   0/241 (244)   AC: 49    Str: 33    XL:     27
MP:   39/45         EV: 24    Int: 15    God:    Okawaru [****..]
Gold: 4059          SH: 17    Dex: 15    Spells: 47/63 levels left

rFire   + + +        N - +9 eveningstar of Waixo {venom, Str+6}
rCold   + + +        f - +2 shield of Resistance {rF++ rC++ Will++}
rNeg    + + .        n - +14 crystal plate armour
rPois   +            D - +3 hat "Jeriawk" {rCorr Int+2}
rElec   +            y - scarf of Okawaru's Inspiration {rC+ rF+, Slay+3}
rCorr   +            u - +0 pair of gloves of the Onion {Rampage rC+ rCorr}
SInv    .            j - +2 pair of slick slippers {slick, slippery, EV+4}
Will    ++++.        M - amulet of the Final Souls {Faith rElec Str+4}
Stlth   ++           K - ring of the Solstice {rN++ rCorr EV+5}
HPRegen 0.60/turn    c - ring of Emul {rPois rC+ Dex+2}
MPRegen 0.29/turn

%: clarity, rampage, faith
@: lethally poisoned (0 -> -20), finesse-ful, slowed, studying 3 skills, lightly
drained, very slow
A: fangs 1, strong nose, distributed training, iridescent scales 1, clarity,
inability to drink after injury 1
}: 5/15 runes: decaying, slimy, silver, abyssal, gossamer
a: Renounce Religion, Heroism, Finesse


You were on level 7 of a ziggurat.
You worshipped Okawaru.
Okawaru was greatly pleased with you.
You visited 11 branches of the dungeon, and saw 51 of its levels.
You visited the Abyss 1 time.
You visited 1 ziggurat, and saw 7 of its levels.
You also visited: Gauntlet and Ice Cave.

You collected 10331 gold pieces.
You spent 6272 gold pieces at shops.

Inventory:

Hand Weapons
 x - a +1 trishula of holy wrath
 N - the +9 eveningstar of Waixo (weapon) {venom, Str+6}
   (You bought it in a shop on level 3 of the Elven Halls)

   Str:       It affects your strength (+6).
 R - a +6 eveningstar of freezing
Missiles
 t - 13 curare-tipped darts
 w - 6 throwing nets (quivered)
 Q - 22 silver javelins
Armour
 f - the +2 shield of Resistance (worn) {rF++ rC++ Will++}
   (You bought it in a shop on level 2 of the Orcish Mines)

   rF:        It greatly protects you from fire.
   rC:        It greatly protects you from cold.
   Will:      It greatly increases your willpower.
 j - the +2 pair of slick slippers (worn) {slick, slippery, EV+4}
   (You found it on level 1 of the Depths)

   Slick:     Its wearer cannot be constricted, engulfed, netted or webbed.
   Slippery:  Its wearer slips away from damaging melee attacks, pulling the
   attacker onward.
   EV:        It affects your evasion (+4).
 n - a +14 crystal plate armour (worn)
 p - the +0 pair of boots of the Loofah {Drain rN++ Int+2 Dex+3}
   (You found it in a Gauntlet)

   Int:       It affects your intelligence (+2).
   Dex:       It affects your dexterity (+3).
   rN:        It greatly protects you from negative energy.
   Drain:     It drains your maximum health when unequipped.
 q - +0 gold dragon scales
 u - the +0 pair of gloves of the Onion (worn) {Rampage rC+ rCorr}
   (Okawaru gifted it to you on level 2 of the Vaults)

   rC:        It protects you from cold.
   rCorr:     It protects you from acid and corrosion.
   Rampage:   It bestows one free step when moving towards enemies.
 v - the +8 chain mail of the Jabberwock {rN+ rCorr SInv}
   (You found it on level 6 of a ziggurat)

   rN:        It protects you from negative energy.
   SInv:      It lets you see invisible.
   rCorr:     It protects you from acid and corrosion.
 y - the scarf of Okawaru's Inspiration (worn) {rC+ rF+, Slay+3}
   (Okawaru gifted it to you on level 5 of the Vaults)

   Slay:      It affects your accuracy & damage with ranged weapons and melee
   (+3).
 D - the +3 hat "Jeriawk" (worn) {rCorr Int+2}
   (You found it on level 1 of the Vaults)

   Int:       It affects your intelligence (+2).
   rCorr:     It protects you from acid and corrosion.
 G - a +2 cloak of preservation
 X - +2 storm dragon scales {Bai Suzhen}
Jewellery
 c - the ring of Emul (right hand) {rPois rC+ Dex+2}
   (You found it on level 3 of the Crypt)

   [ring of poison resistance]

   Dex:       It affects your dexterity (+2).
   rC:        It protects you from cold.
   rPois:     It protects you from poison.
 i - the ring "Bubloc" {+Blink rN+ rCorr}
   (You found it on level 3 of the Crypt)

   [ring of positive energy]

   rN:        It protects you from negative energy.
   +Blink:    It lets you blink.
   rCorr:     It protects you from acid and corrosion.
 C - the amulet "Vahas" {RegenMP Rampage rN++ Regen+ Str-2}
   (You took it off a deep elf pyromancer on level 3 of the Elven Halls)

   [amulet of magic regeneration]

   It increases your rate of magic regeneration.
   Str:       It affects your strength (-2).
   rN:        It greatly protects you from negative energy.
   Regen:     It increases your rate of health regeneration.
   Rampage:   It bestows one free step when moving towards enemies.
 K - the ring of the Solstice (left hand) {rN++ rCorr EV+5}
   (You took it off an ancient champion on level 2 of the Crypt)

   [ring of evasion]

   EV:        It affects your evasion (+5).
   rN:        It greatly protects you from negative energy.
   rCorr:     It protects you from acid and corrosion.
 M - the amulet of the Final Souls (around neck) {Faith rElec Str+4}
   (You found it on level 1 of the Elven Halls)

   [amulet of faith]

   It allows you to gain divine favour quickly.
   Str:       It affects your strength (+4).
   rElec:     It insulates you from electricity.
 P - the ring of Wisdom {Drain +Blink rPois rF+ Dex-5}
   (You found it on level 3 of the Crypt)

   [ring of protection from fire]

   Dex:       It affects your dexterity (-5).
   rF:        It protects you from fire.
   rPois:     It protects you from poison.
   +Blink:    It lets you blink.
   Drain:     It drains your maximum health when unequipped.
Wands
 a - a wand of paralysis (57)
 l - a wand of flame (101)
 z - a wand of digging (8)
 F - a wand of mindburst (47)
 J - a wand of quicksilver (45)
 L - a wand of iceblast (66)
 O - a wand of polymorph (39)
Scrolls
 b - 11 scrolls of amnesia
 e - a scroll of acquirement
 k - 24 scrolls of teleportation
 m - 9 scrolls of poison
 r - a scroll of silence
 B - 2 scrolls of fog
 S - 5 scrolls of fear
 T - 5 scrolls of blinking
 U - 2 scrolls of magic mapping
 Y - a scroll of enchant armour
Potions
 d - 2 potions of brilliance
 g - 7 potions of cancellation
 h - 7 potions of flight
 o - 11 potions of attraction
 s - 8 potions of curing
 A - 2 potions of mutation
 E - 2 potions of resistance
 H - 8 potions of magic
 W - a potion of heal wounds
 Z - 9 potions of ambrosia
Miscellaneous
 I - a phantom mirror


   Skills:
 + Level 25.9 Fighting
 + Level 18.9 Short Blades
 + Level 18.9 Long Blades
 + Level 21.0 Axes
 + Level 18.9 Maces & Flails
 + Level 18.9 Polearms
 + Level 18.9 Staves
 + Level 18.9 Ranged Weapons
 + Level 18.9 Throwing
 + Level 19.8 Armour
 + Level 18.9 Dodging
 + Level 25.2 Stealth
 + Level 20.5 Shields
 + Level 18.9 Unarmed Combat
 + Level 18.9 Spellcasting
 + Level 16.1 Conjurations
 + Level 16.1 Hexes
 + Level 16.1 Summonings
 + Level 16.1 Necromancy
 + Level 16.1 Translocations
 + Level 16.1 Transmutations
 + Level 16.1 Fire Magic
 + Level 16.1 Ice Magic
 + Level 16.1 Air Magic
 + Level 16.1 Earth Magic
 + Level 16.1 Poison Magic
 + Level 20.4 Invocations
 + Level 18.9 Evocations


You had 47 spell levels left.
You knew the following spells:

 Your Spells              Type           Power      Damage    Failure   Level
a - Blink                 Tloc           100%       N/A       1%          2
b - Passwall              Tmut/Erth      48%        N/A       1%          2
c - Frozen Ramparts       Ice            100%       1d16      1%          3
d - Manifold Assault      Tloc           58%        N/A       1%          4
e - Metabolic Englaciati  Hex/Ice        29%        N/A       1%          5

Your spell library contained the following spells:

 Spells                   Type           Power      Damage    Failure   Level
 Apportation              Tloc           100%       N/A       1%          1
 Beastly Appendage        Tmut           100%       N/A       1%          1
 Kiss of Death            Conj/Necr      100%       2d13      1%          1
 Magic Dart               Conj           100%       1d8       1%          1
 Necrotise                Necr           100%       1d9       1%          1
 Slow                     Hex            100%       N/A       1%          1
 Cigotuvi's Dreadful Rot  Necr/Pois/Air  100%       N/A       1%          2
 Ensorcelled Hibernation  Hex/Ice        100%       N/A       1%          2
 Momentum Strike          Conj/Tloc      100%       3d10      1%          2
 Poisonous Vapours        Pois/Air       100%       N/A       1%          2
 Searing Ray              Conj           100%       2d8       1%          2
 Static Discharge         Conj/Air       100%       2-7/arc   1%          2
 Sublimation of Blood     Necr           58%        N/A       1%          2
 Wereblood                Tmut           58%        N/A       1%          2
 Confusing Touch          Hex            58%        N/A       1%          3
 Dazzling Flash           Conj/Hex       100%       N/A       1%          3
 Ignite Poison            Fire/Tmut/Pois 58%        N/A       1%          3
 Inner Flame              Hex/Fire       58%        N/A       1%          3
 Mephitic Cloud           Conj/Pois/Air  58%        N/A       1%          3
 Ozocubu's Armour         Ice            58%        N/A       1%          3
 Spider Form              Tmut/Pois      58%        N/A       1%          3
 Stone Arrow              Conj/Erth      100%       3d13      1%          3
 Swiftness                Air            58%        N/A       1%          3
 Vampiric Draining        Necr           58%        2d10      1%          3
 Vhi's Electric Charge    Tloc/Air       100%       N/A       1%          3
 Volatile Blastmotes      Fire/Tloc      100%       2d18      1%          3
 Airstrike                Air            29%        2d(5-21)  1%          4
 Anguish                  Hex/Necr       29%        N/A       1%          4
 Cause Fear               Hex            29%        N/A       1%          4
 Dispel Undead            Necr           58%        3d21      1%          4
 Flame Wave               Conj/Fire      58%        2d14      1%          4
 Fulminant Prism          Conj/Hex       29%        3d14      1%          4
 Ice Form                 Ice/Tmut       58%        N/A       1%          4
 Iskenderun's Mystic Bla  Conj/Tloc      58%        2d12      1%          4
 Sticky Flame             Conj/Fire      58%        2d7       1%          4
 Alistair's Intoxication  Tmut/Pois      38%        N/A       1%          5
 Arcjolt                  Conj/Air       29%        1d39      1%          5
 Blade Hands              Tmut           29%        N/A       1%          5
 Borgnjor's Vile Clutch   Necr/Erth      29%        N/A       1%          5
 Freezing Cloud           Conj/Ice/Air   29%        6-21      1%          5
 Irradiate                Conj/Tmut      29%        3d21      1%          5
 Yara's Violent Unravell  Hex/Tmut       29%        3d12      1%          5
 Conjure Ball Lightning   Conj/Air       29%        3x3d8     8%          6
 Eringya's Noxious Bog    Tmut/Pois      29%        N/A       8%          6
 Plasma Beam              Fire/Air       29%        2x1d45    8%          6
 Starburst                Conj/Fire      29%        6d9       8%          6
 Statue Form              Tmut/Erth      38%        N/A       8%          6
 Dragon Form              Tmut           29%        N/A       41%         7
 Enfeeble                 Hex            29%        N/A       41%         7
 Orb of Destruction       Conj           29%        9d9       41%         7
 Ozocubu's Refrigeration  Ice            29%        4d13      41%         7
 Storm Form               Tmut/Air       29%        N/A       41%         7
 Borgnjor's Revivificati  Necr           29%        N/A       98%         8
 Ignition                 Fire           29%        3d9       98%         8
 Maxwell's Capacitive Co  Air            29%        ∞         98%         8
 Necromutation            Tmut/Necr      29%        N/A       98%         8
 Death's Door             Necr           29%        N/A       100%        9
 Summon Small Mammal      Summ           Unusable   N/A       N/A         1
 Call Imp                 Summ           Unusable   N/A       N/A         2
 Summon Guardian Golem    Hex/Summ       Unusable   N/A       N/A         3
 Animate Armour           Summ/Erth      Unusable   N/A       N/A         4
 Summon Ice Beast         Ice/Summ       Unusable   N/A       N/A         4
 Summon Lightning Spire   Summ/Air       Unusable   N/A       N/A         4
 Death Channel            Necr           Unusable   N/A       N/A         6
 Simulacrum               Ice/Necr       Unusable   N/A       N/A         6
 Summon Cactus Giant      Summ           Unusable   N/A       N/A         6
 Spellforged Servitor     Conj/Summ      Unusable   N/A       N/A         7
 Summon Hydra             Summ           Unusable   N/A       N/A         7

Dungeon Overview and Level Annotations

Branches:
Dungeon (15/15)            Temple (1/1) D:4            Lair (5/5) D:8
  Swamp (4/4) Lair:3       Spider (4/4) Lair:2        Slime (5/5) Lair:4
    Orc (2/2) D:12            Elf (3/3) Orc:2        Vaults (5/5) D:14
  Crypt (3/3) Vaults:2       Tomb (0/3) Crypt:3      Depths (4/4) D:15
    Zot (0/5) Depths:4      IceCv (visited)         Gauntlet (visited)

Altars:
Ashenzari
Cheibriados
Dithmenos
Elyvilon
Fedhas
Gozag
Hepliaklqana
Kikubaaqudgha
Makhleb
Nemelex Xobeh
Okawaru
Qazlal
Ru
Sif Muna
Trog
Uskayaw
Vehumet
Wu Jian
Xom
Yredelemnul
Zin
The Shining One
Jiyva
Lugonu

Shops:
D:2 *   D:10 ?   D:13 [   D:15 [*   Orc:2 [(*=*   Elf:1 *   Elf:3 ([[
Vaults:2 (   Vaults:3 ?   Vaults:4 :   Depths:3 (*

Portals:
Hell: Depths:1 Depths:2 Depths:3 Depths:4
Abyss: Depths:1 Depths:3 Depths:4
Pandemonium: Depths:2
Trove: D:11 (give 2 scrolls of acquirement)

Annotations:
Swamp:1 2 transporters, Coysis's ghost, journeyman DEVM
Elf:2 3 runed translucent doors


Innate Abilities, Weirdness & Mutations

You have very sharp teeth.
Your uncanny sense of smell can sniff out nearby items.
Your experience applies equally to all skills.
You are partially covered in iridescent scales. (AC +2)
You possess an exceptional clarity of mind.
You occasionally lose the ability to drink potions when taking damage.


Message History

* * * LOW HITPOINT WARNING * * *
You feel sick.
The spectral spark wasp closely misses you.
You feel much better.
You feel very sick.
The spectral spark wasp hits you but does no damage.
The tainted leviathan attempts to bespell you!
You are unaffected.
The tainted leviathan attempts to bespell you!
You are unaffected.
You block the bone dragon's attack. The bone dragon misses you.
The bone dragon tramples you but does no damage.
You block the spectral spark wasp's attack.
You block the tainted leviathan's attack.
The tainted leviathan hits you!
* * * LOW HITPOINT WARNING * * *
The tainted leviathan hits you.
* * * LOW HITPOINT WARNING * * *
The tainted leviathan hits you but does no damage.
The bone dragon bites you!
* * * LOW HITPOINT WARNING * * *
You block the bone dragon's attack. The bone dragon tramples you!
* * * LOW HITPOINT WARNING * * *
Unknown command.
Unknown command.
Unknown command.
You are engulfed in dark miasma.
You are more poisoned.
* * * LOW HITPOINT WARNING * * *
x2 You feel extremely sick.
The spectral spark wasp hits you but does no damage.
You block the spectral spark wasp's attack.
The tainted leviathan misses you.
You block the tainted leviathan's attack.
The bone dragon bites you but does no damage.
You block the bone dragon's attack.
The bone dragon tramples you but does no damage.
The tainted leviathan hits you but does no damage.
The tainted leviathan hits you!
You die...

▓▓▓▓▓▓▓▓▓▓▓
▓▓▓▓.........▓▓▓▓
▓...............▓
▓............|)[▓
▓............!??▓
▓............$)Z▓
▓∩...........=D@▓
▓............!CC▓
▓............[☼°▓
▓...............▓
▓...............▓
▓▓▓▓.........▓▓▓▓
▓▓▓▓▓▓▓▓▓▓▓


You could see a bone dragon, 2 tainted leviathans and a spectral spark wasp.

Vanquished Creatures
  the Royal Jelly (Slime:5)
  2 dread liches
  An orb of fire (Zig:5)
  Mennas (Crypt:1)
  2 juggernauts (Depths:1)
  Boris (twice) (Vaults:2 Crypt:2)
  Bai Suzhen (Swamp:4)
  The ghost of howech the Severer, a veteran MiGl of the Shining One (Vaults:1)
  Saint Roka (Vaults:3)
  A caustic shrike (Depths:1)
  Nikola (Elf:1)
  The ghost of Zonian the Slayer, an adept HOFi of Beogh (Vaults:1)
  2 golden dragons
  8 bone dragons
  the Enchantress (Depths:3)
  Jory (Crypt:3)
  3 doom hounds (Depths:3)
  Jorgrun (Arena)
  The ghost of theMacoje the Slayer, an adept OgHs of Hepliaklqana (Vaults:1)
  Rupert (Lair:3)
  Grunn (Depths:3)
  2 tentacled monstrosities
  4 liches
  Mlioglotl (Spider:1)
  A walking crystal tome (Depths:4)
  2 titans (Vaults:5)
  A walking frostbound tome (Depths:2)
  4 quicksilver dragons
  4 deep elf blademasters (Elf:3)
  24 acid blobs
  2 deep elf master archers (Elf:3)
  9 tengu reavers
  3 ancient champions
  4 sphinxes
  Frances (Spider:1)
  5 thorn hunters
  A tentacled starspawn (Abyss:3)
  A storm dragon (Vaults:5)
  6 shadow dragons
  4 rockslimes
  Donald (Swamp:4)
  2 fenstrider witches (Swamp:4)
  9 azure jellies
  A revenant (Crypt:3)
  11 fire giants
  15 vault wardens
  7 emperor scorpions
  13 frost giants
  2 iron dragons (Vaults:5)
  5 curse skulls
  5 deep elf sorcerers
  An angel (Abyss:3)
  3 balrugs
  A draconian shifter (Zig:2)
  4 orc warlords
  4 ghost moths
  11 ghouls
  A war gargoyle (Vaults:5)
  Louise (Elf:1)
  3 deep elf elementalists (Elf:3)
  17 ironbound preservers
  A juggernaut zombie (Zig:3)
  33 very ugly things
  A spriggan defender (Depths:3)
  7 ironbound thunderhulks
  21 stone giants
  4 reapers
  2 draconian annihilators (Depths:4)
  4 broodmothers
  10 quicksilver oozes
  The ghost of Ijustatesigmund the Demon Slayer, a journeyman GrFi of the Shining One (D:15)
  11 vampire knights
  An eleionoma (shapeshifter) (Vaults:5)
  9 eleionomae
  7 dire elephants
  3 green draconians
  3 black draconians
  2 white draconians
  2 bunyips
  A minotaur (Gauntlet)
  4 deep elf demonologists
  11 spark wasps
  7 deep elf annihilators
  A red draconian (Zig:2)
  A yellow draconian (Depths:4)
  7 putrid mouths
  5 eidola
  Azrael (Spider:1)
  An acid blob zombie (Crypt:1)
  2 purple draconians (Depths:4)
  11 ettins
  Josephine (D:15)
  12 yaktaur captains
  A crystal guardian (Abyss:3)
  4 deep elf death magi
  11 fire dragons
  10 deep elf high priests
  Harold (D:9)
  6 entropy weavers
  20 jiangshi
  16 hydras
  2 shambling mangroves
  5 great orbs of eyes
  2 spriggan zombies (Crypt:3)
  A fenstrider witch zombie (Crypt:3)
  12 ice dragons
  37 vault guards
  2 ghost crabs
  An ogre mage (D:14)
  Erolcha (D:9)
  7 rakshasas
  3 radroaches
  18 ironbound frosthearts
  2 catoblepae
  A bennu zombie (Crypt:2)
  8 spriggan air magi
  20 centaur warriors
  18 alligators
  4 satyrs
  An anaconda (shapeshifter) (Depths:1)
  15 boulder beetles
  3 death knights
  A death scarab (Spider:3)
  10 hell hogs (Depths:1)
  9 two-headed ogres
  14 vampire magi
  4 death yaks (Lair:5)
  8 deep troll shamans
  4 tengu warriors
  A deep troll earth mage (Depths:2)
  2 spectral storm dragons (Crypt:3)
  21 dancing weapons
  Urug (Lair:2)
  5 thrashing horrors
  An orc high priest (Orc:2)
  3 soul eaters
  8 spriggan berserkers
  A shock serpent (shapeshifter) (Vaults:5)
  Nergalle (Lair:2)
  12 deep elf knights
  6 sun demons
  6 hell knights
  5 shadow wraiths (Crypt:2)
  A storm dragon zombie (Crypt:3)
  27 skeletal warriors
  A skyshark (Lair:5)
  4 iron trolls
  A spatial maelstrom (Abyss:2)
  11 spriggans
  2 sun moths
  A spark wasp zombie (Depths:2)
  3 fire crabs
  6 golden dragon zombies (Crypt:3)
  A wretched star (Gauntlet)
  7 swamp dragons
  5 pharaoh ants
  8 spriggan druids
  72 deep trolls
  8 orb spiders
  3 glowing orange brains
  A glowing orange brain (shapeshifter) (Vaults:3)
  A bog body (Swamp:4)
  A death drake (Abyss:3)
  5 goliath frogs
  A quicksilver dragon simulacrum (Depths:2)
  2 orange crystal statues
  8 wizards
  A lindwurm (shapeshifter) (Vaults:5)
  A swamp dragon (shapeshifter) (Elf:1)
  23 phantasmal warriors
  2 flayed ghosts
  15 deep elf archers
  Pikel (D:5)
  An obsidian statue (D:15)
  2 spectral wolf spiders (Spider:1)
  16 lindwurms
  8 steelbarb worms
  8 harpies
  26 ironbound convokers
  20 deep elf zephyrmancers
  10 orc knights
  A shadow dragon zombie (Crypt:1)
  7 necromancers
  7 wolf spider zombies (Spider:1)
  A stone giant zombie (Crypt:1)
  6 orc sorcerers
  2 will-o-the-wisps
  2 spectral ice dragons (Crypt:3)
  52 ugly things
  24 deep elf pyromancers
  4 shining eyes
  A tengu skeleton (Depths:2)
  18 wolf spiders
  A salamander (D:15)
  6 fauns (Depths:3)
  4 cyclopes
  8 worldbinders (Abyss:3)
  A goliath frog zombie (Crypt:2)
  A salamander (shapeshifter) (Elf:1)
  2 manticores (shapeshifter) (Vaults:5)
  3 moths of wrath (Spider:4)
  2 manticores
  4 spectral fire dragons (Crypt:3)
  A guardian serpent (shapeshifter) (Abyss:2)
  2 eyes of devastation
  3 black mambas
  24 vault sentinels
  2 water nymphs (shapeshifter)
  4 smoke demons
  4 water nymphs
  5 gargoyles
  6 torpor snails
  4 elf skeletons
  An unseen horror (D:13)
  An orange demon (Abyss:2)
  7 demonic crawlers
  A storm dragon simulacrum (Depths:2)
  A hellion (Zig:7)
  14 cane toads
  A yaktaur (shapeshifter) (Vaults:5)
  2 efreet
  14 rime drakes
  10 komodo dragons
  10 freezing wraiths
  30 yaktaurs
  A tormentor (Abyss:2)
  A tengu conjurer (Depths:2)
  An iron troll zombie (Crypt:3)
  6 kobold demonologists
  2 ancient zymes
  A mana viper zombie (Crypt:1)
  2 human skeletons (Vaults:2)
  2 ice devils (Depths:2)
  A pale draconian skeleton (Crypt:3)
  9 trolls
  7 polar bears (IceCv)
  A queen bee (shapeshifter) (Elf:2)
  19 tarantellas
  A red devil (Depths:2)
  12 tyrant leeches
  2 guardian mummies
  4 hellwings
  9 meliai
  10 hornets
  2 wolf spider simulacra (Spider:1)
  6 dream sheep (Lair:4)
  18 blink frogs
  A great orb of eyes zombie (Crypt:2)
  A dream sheep (shapeshifter) (Abyss:3)
  A harpy skeleton (Crypt:1)
  2 slime creatures (shapeshifter)
  A frost giant simulacrum (Depths:2)
  4 raiju (Abyss:2)
  27 jumping spiders
  An ice dragon skeleton (Abyss:2)
  12 large abominations
  A shadow (Abyss:2)
  49 slime creatures
  A black mamba zombie (Crypt:2)
  4 water elementals
  2 air elementals
  11 culicivoras
  An ettin skeleton (Crypt:1)
  20 flying skulls
  6 fire elementals
  A wyvern (D:7)
  25 vampires
  A guardian serpent skeleton (Crypt:1)
  19 yaks
  9 small abominations
  11 wraiths
  A ynoxinul (Abyss:2)
  5 neqoxecs
  A golden eye (Slime:5)
  4 basilisks
  A chaos spawn (Depths:2)
  18 starcursed masses
  A steam dragon (D:7)
  31 redbacks
  10 vampire mosquitoes
  Menkaure (D:4)
  A yaktaur simulacrum (Vaults:2)
  A wind drake skeleton (Crypt:2)
  7 wargs
  A floating eye (Depths:2)
  2 hell hounds (Spider:1)
  11 swamp worms
  3 acid dragons
  9 water moccasins
  2 black bears (D:7)
  33 orc warriors
  13 swamp drakes
  17 ogres
  A swamp dragon zombie (Crypt:3)
  3 ice beasts
  An elephant zombie (Crypt:3)
  A blink frog skeleton (Crypt:1)
  6 centaurs
  2 phantoms
  2 snapping turtle skeletons
  A lemure (D:5)
  11 kobold brigands
  A yaktaur zombie (Crypt:1)
  5 earth elementals
  20 bullfrogs
  5 necrophages
  2 yaktaur skeletons
  A gnoll sergeant (D:9)
  2 scorpions
  A cyclops skeleton (Crypt:1)
  16 killer bees
  A queen bee zombie (Crypt:2)
  A polar bear zombie (Crypt:1)
  A killer bee (shapeshifter) (Elf:3)
  5 electric eels
  5 hounds
  2 gnoll boudas (D:6)
  17 orc priests
  A jelly (D:6)
  2 iguanas
  27 orc wizards
  A killer bee zombie (Crypt:3)
  An ice beast zombie (Crypt:3)
  An acid dragon skeleton (Crypt:1)
  3 mummies (Zig:3)
  27 gnolls
  A swamp drake zombie (Crypt:2)
  7 adders
  A shadow imp (D:6)
  4 white imps
  6 ufetubi
  A worm (D:3)
  A dart slug (D:1)
  83 orcs
  10 ball pythons
  5 endoplasms
  7 giant cockroaches
  7 goblins
  10 hobgoblins
  8 jackals
  33 kobolds
  8 quokkas
  7 bats
  7 frilled lizards
  A frilled lizard zombie (Crypt:1)
  A jackal skeleton (Crypt:2)
  A kobold zombie (Crypt:3)
  6 rats
  A starspawn tentacle (Abyss:3)
2283 creatures vanquished.

Vanquished Creatures (others)
  A stone giant (Depths:1)
  A deep elf annihilator (Elf:3)
  An eleionoma (Swamp:1)
  4 alligators (Swamp:4)
  A goliath frog (Swamp:2)
  2 deep elf pyromancers
  An ugly thing (Depths:1)
  A rime drake (Zig:6)
  A yaktaur (Vaults:2)
  A silent spectre (Abyss:2)
  6 bloated husks
  A tyrant leech (Swamp:4)
  A water elemental (Elf:2)
  An acid dragon (Zig:6)
  A swamp drake (Swamp:4)
  12 foxfires
  2 starspawn tentacles (Abyss:3)
38 creatures vanquished.

Grand Total: 2321 creatures vanquished

Notes
Turn   | Place    | Note
-------+----------+-------------------------------------------
     0 | D:1      | Amplified the Gnoll Fighter began the quest for the Orb.
     0 | D:1      | Reached XP level 1. HP: 23/23 MP: 1/1
    63 | D:1      | Reached XP level 2. HP: 29/29 MP: 2/2
   170 | D:1      | Identified a scroll of acquirement
   170 | D:1      | Acquired 1037 gold pieces
   246 | D:1      | Reached XP level 3. HP: 35/35 MP: 3/3
   426 | D:1      | Reached skill level 1 in Invocations
   742 | D:2      | Reached skill level 1 in Short Blades
   742 | D:2      | Reached skill level 1 in Long Blades
   742 | D:2      | Reached skill level 1 in Maces & Flails
   742 | D:2      | Reached skill level 1 in Polearms
   742 | D:2      | Reached skill level 1 in Staves
   742 | D:2      | Reached skill level 1 in Ranged Weapons
   742 | D:2      | Reached skill level 1 in Throwing
   742 | D:2      | Reached skill level 1 in Dodging
   742 | D:2      | Reached skill level 1 in Stealth
   742 | D:2      | Reached skill level 1 in Unarmed Combat
   742 | D:2      | Reached skill level 1 in Spellcasting
   742 | D:2      | Reached skill level 1 in Evocations
   918 | D:2      | Reached XP level 4. HP: 41/41 MP: 5/5
  1099 | D:2      | Found Taboawad's General Store.
  1108 | D:2      | Bought a scroll of identify for 26 gold pieces
  1519 | D:2      | Reached skill level 1 in Conjurations
  1519 | D:2      | Reached skill level 1 in Hexes
  1519 | D:2      | Reached skill level 1 in Summonings
  1519 | D:2      | Reached skill level 1 in Necromancy
  1519 | D:2      | Reached skill level 1 in Translocations
  1519 | D:2      | Reached skill level 1 in Transmutations
  1519 | D:2      | Reached skill level 1 in Fire Magic
  1519 | D:2      | Reached skill level 1 in Ice Magic
  1519 | D:2      | Reached skill level 1 in Air Magic
  1519 | D:2      | Reached skill level 1 in Earth Magic
  1519 | D:2      | Reached skill level 1 in Poison Magic
  2088 | D:3      | Found a shimmering altar of Xom.
  2157 | D:3      | Reached XP level 5. HP: 47/47 MP: 7/7
  2246 | D:3      | Found a faded altar of an unknown god.
  2815 | D:4      | Found a staircase to the Ecumenical Temple.
  3142 | D:4      | Noticed Menkaure
  3155 | D:4      | Killed Menkaure
  3156 | D:4      | Reached skill level 5 in Axes
  3156 | D:4      | Reached XP level 6. HP: 29/53 MP: 7/9
  3268 | D:4      | Noticed an ice beast
  3281 | D:4      | Killed an ice beast
  3365 | D:4      | Found a sparkling altar of Nemelex Xobeh.
  3365 | D:4      | Found a transporter.
  3365 | D:4      | Noticed a black bear
  3379 | D:4      | Identified the +4 war axe of Incongruity {flame, rF+ Int+3}
  3665 | D:4      | Reached XP level 7. HP: 60/60 MP: 10/10
  3709 | D:5      | Entered Level 5 of the Dungeon
  4173 | D:5      | Reached XP level 8. HP: 57/67 MP: 12/12
  4240 | D:5      | Noticed Pikel
  4251 | D:5      | Killed Pikel
  4537 | D:6      | Reached XP level 9. HP: 70/73 MP: 14/14
  4877 | D:6      | Noticed a gargoyle
  4885 | D:6      | Killed a gargoyle
  5172 | D:6      | Reached skill level 5 in Invocations
  5856 | Temple   | Entered the Ecumenical Temple
  5910 | Temple   | Became a worshipper of Warmaster Okawaru
  6200 | D:7      | Reached skill level 5 in Short Blades
  6200 | D:7      | Reached skill level 5 in Long Blades
  6200 | D:7      | Reached skill level 5 in Maces & Flails
  6200 | D:7      | Reached skill level 5 in Polearms
  6200 | D:7      | Reached skill level 5 in Staves
  6200 | D:7      | Reached skill level 5 in Ranged Weapons
  6200 | D:7      | Reached skill level 5 in Throwing
  6200 | D:7      | Reached skill level 5 in Dodging
  6200 | D:7      | Reached skill level 5 in Stealth
  6200 | D:7      | Reached skill level 5 in Unarmed Combat
  6200 | D:7      | Reached skill level 5 in Spellcasting
  6200 | D:7      | Reached skill level 5 in Evocations
  6200 | D:7      | Reached XP level 10. HP: 82/82 MP: 17/17
  6298 | D:7      | Reached * piety under Okawaru
  6970 | D:8      | Found a blossoming altar of Fedhas.
  7009 | D:8      | Found a staircase to the Lair.
  7077 | D:8      | Noticed a two-headed ogre
  7090 | D:8      | Killed a two-headed ogre
  7786 | D:9      | Reached ** piety under Okawaru
  7848 | D:9      | Noticed Harold
  7849 | D:9      | Noticed Erolcha
  7858 | D:9      | Killed Harold
  7865 | D:9      | Killed Erolcha
  7865 | D:9      | Reached *** piety under Okawaru
  7866 | D:9      | Reached skill level 10 in Fighting
  7866 | D:9      | Reached skill level 5 in Conjurations
  7866 | D:9      | Reached skill level 5 in Hexes
  7866 | D:9      | Reached skill level 5 in Summonings
  7866 | D:9      | Reached skill level 5 in Necromancy
  7866 | D:9      | Reached skill level 5 in Translocations
  7866 | D:9      | Reached skill level 5 in Transmutations
  7866 | D:9      | Reached skill level 5 in Fire Magic
  7866 | D:9      | Reached skill level 5 in Ice Magic
  7866 | D:9      | Reached skill level 5 in Air Magic
  7866 | D:9      | Reached skill level 5 in Earth Magic
  7866 | D:9      | Reached skill level 5 in Poison Magic
  7866 | D:9      | Reached XP level 11. HP: 75/90 MP: 18/20
  7946 | D:9      | Found a radiant altar of Vehumet.
  8556 | D:9      | Noticed an orange crystal statue
  8634 | D:9      | Found a glowing silver altar of Zin.
  8634 | D:9      | Found a glowing golden altar of the Shining One.
  8636 | D:9      | Found a white marble altar of Elyvilon.
  8761 | D:10     | Entered Level 10 of the Dungeon
  8841 | D:10     | Found a shadowy altar of Dithmenos.
  8855 | D:10     | Noticed a two-headed ogre
  8867 | D:10     | Killed a two-headed ogre
  8999 | D:10     | Noticed a two-headed ogre
  9006 | D:10     | Killed a two-headed ogre
  9102 | D:10     | Noticed a two-headed ogre
  9125 | D:10     | Killed a two-headed ogre
  9150 | D:10     | Found a broken altar of Ashenzari.
  9161 | D:10     | Found a hide-covered altar of Uskayaw.
  9203 | D:10     | Noticed a two-headed ogre
  9212 | D:10     | Killed a two-headed ogre
  9370 | D:10     | Found Ebul's Magic Scroll Emporium.
  9386 | D:10     | Reached **** piety under Okawaru
  9393 | D:10     | Bought a scroll of acquirement for 884 gold pieces
  9393 | D:10     | Acquired the +4 kite shield "Ledekim" {rCorr}
  9647 | D:10     | Received a gift from Okawaru
  9826 | D:11     | Noticed a cyan ugly thing
  9871 | D:11     | Killed a cyan ugly thing
  9872 | D:11     | Reached XP level 12. HP: 80/100 MP: 22/22
  9896 | D:11     | Received a gift from Okawaru
 10308 | D:11     | Found a portal to a secret trove of treasure.
 10367 | D:11     | Noticed a two-headed ogre
 10377 | D:11     | Killed a two-headed ogre
 10817 | D:12     | Reached skill level 10 in Armour
 10817 | D:12     | Reached skill level 10 in Shields
 11096 | D:12     | Received a gift from Okawaru
 11504 | D:12     | Found a staircase to the Orcish Mines.
 11731 | D:12     | Identified the +12 flail of Futidghe {flame, SInv}
 11941 | Lair:1   | Entered Level 1 of the Lair of Beasts
 12392 | Lair:1   | Reached ***** piety under Okawaru
 12522 | Lair:1   | You fall into a shaft and drop 1 floor!
 12572 | Lair:2   | Received a gift from Okawaru
 12705 | Lair:2   | Reached skill level 10 in Stealth
 12706 | Lair:2   | Noticed Nergalle
 12708 | Lair:2   | Reached XP level 13. HP: 87/109 MP: 22/25
 12709 | Lair:2   | Noticed Urug
 12724 | Lair:2   | Killed Urug
 12728 | Lair:2   | Killed Nergalle
 13008 | Lair:2   | Got the Compendium of Inconstant Imprecation
 13254 | Lair:2   | Found a hole to the Spider Nest.
 13431 | Lair:3   | Found a staircase to the Swamp.
 13455 | Lair:3   | Noticed Rupert
 13468 | Lair:2   | Received a gift from Okawaru
 13820 | Lair:3   | Received a gift from Okawaru
 13836 | Lair:3   | Killed Rupert
 14085 | Lair:3   | Received a gift from Okawaru
 14211 | Lair:3   | Received a gift from Okawaru
 14620 | Lair:4   | Reached skill level 10 in Axes
 15002 | Lair:4   | Found a viscous altar of Jiyva.
 15002 | Lair:4   | Found a staircase to the Slime Pits.
 15366 | Lair:5   | Entered Level 5 of the Lair of Beasts
 15646 | Lair:5   | Reached skill level 10 in Invocations
 15646 | Lair:5   | Reached XP level 14. HP: 104/118 MP: 24/27
 15725 | Lair:5   | Received a gift from Okawaru
 16028 | Lair:5   | Received a gift from Okawaru
 16218 | Lair:5   | Got Goeje's Compendium of the Called Switch
 16901 | Orc:1    | Entered Level 1 of the Orcish Mines
 17012 | Orc:1    | Received a gift from Okawaru
 17511 | Orc:2    | Entered Level 2 of the Orcish Mines
 17599 | Orc:2    | Found a gate leading to a gauntlet.
 17608 | Gauntlet | Entered a Gauntlet
 17608 | Gauntlet | Found a transporter.
 17608 | Gauntlet | Found a transporter.
 17616 | Gauntlet | Found a transporter.
 17620 | Gauntlet | Found a transporter.
 17632 | Gauntlet | Found a transporter.
 17632 | Gauntlet | Found a transporter.
 17636 | Gauntlet | Found a runed translucent door.
 17636 | Gauntlet | Found a runed translucent door.
 17640 | Gauntlet | Found a transporter.
 17655 | Gauntlet | Found a runed translucent gate.
 17656 | Gauntlet | Found a transporter.
 17656 | Gauntlet | Found a runed translucent gate.
 17657 | Gauntlet | Found a runed translucent gate.
 17670 | Gauntlet | Found a transporter.
 17674 | Gauntlet | Found a transporter.
 17686 | Gauntlet | Found a transporter.
 17686 | Gauntlet | Found a transporter.
 17760 | Gauntlet | Found a runed translucent door.
 17766 | Gauntlet | Identified the +0 leather armour "Ophib" {+Blink rC- Str+6
                  | Stlth-}
 17803 | Gauntlet | Received a gift from Okawaru
 17815 | Gauntlet | Identified the +0 pair of boots of the Loofah {Drain rN++
                  | Int+2 Dex+3}
 17866 | Gauntlet | Got Yrah's Notes on Earth
 18116 | Orc:2    | Noticed an orc warlord
 18151 | Orc:2    | Killed an orc warlord
 18201 | Orc:2    | Received a gift from Okawaru
 18366 | Orc:2    | Found Milarocs's Assorted Antiques.
 18692 | Orc:2    | Received a gift from Okawaru
 18701 | Orc:2    | Reached skill level 10 in Short Blades
 18701 | Orc:2    | Reached skill level 10 in Long Blades
 18701 | Orc:2    | Reached skill level 10 in Maces & Flails
 18701 | Orc:2    | Reached skill level 10 in Polearms
 18701 | Orc:2    | Reached skill level 10 in Staves
 18701 | Orc:2    | Reached skill level 10 in Ranged Weapons
 18701 | Orc:2    | Reached skill level 10 in Throwing
 18701 | Orc:2    | Reached skill level 10 in Dodging
 18701 | Orc:2    | Reached skill level 10 in Unarmed Combat
 18701 | Orc:2    | Reached skill level 10 in Spellcasting
 18701 | Orc:2    | Reached skill level 10 in Evocations
 18837 | Orc:2    | Found Zubisukke's General Store.
 18861 | Orc:2    | Found Fomu's Antique Armour Boutique.
 18904 | Orc:2    | Found Cixeamm's Antique Weapon Boutique.
 18929 | Orc:2    | Found Xeubujaf's Jewellery Boutique.
 18957 | Orc:2    | Found a staircase to the Elven Halls.
 19140 | D:13     | Found Bahag's Armour Boutique.
 19570 | D:13     | Reached XP level 15. HP: 122/127 MP: 29/29
 19599 | D:13     | Identified the +5 hand axe of the Blessed Realm {vamp, rF-
                  | rCorr Str+5}
 19623 | D:13     | Received a gift from Okawaru
 20117 | D:14     | Received a gift from Okawaru
 20460 | D:14     | Reached skill level 15 in Fighting
 20806 | D:14     | Found a gate to the Vaults.
 21319 | D:15     | Entered Level 15 of the Dungeon
 21353 | D:15     | Noticed Josephine
 21357 | D:15     | Noticed Jorgrun
 21369 | Arena    | Entered the Arena
 21382 | Arena    | Killed Jorgrun
 21414 | D:15     | Killed Josephine
 21483 | D:15     | Found Nusolir's Antique Armour Boutique.
 21510 | D:15     | Identified the +1 long sword of Ignis, Sharing {holy,
                  | Int+3}
 21630 | D:15     | Received a gift from Okawaru
 21826 | D:15     | Found a runed translucent gate.
 21827 | D:15     | Found a runed translucent gate.
 21828 | D:15     | Found a runed translucent gate.
 21829 | D:15     | Found an opulent altar of Gozag.
 21830 | D:15     | Found Yvaukara's Assorted Antiques.
 21830 | D:15     | Noticed a frost giant
 21830 | D:15     | Noticed Ijustatesigmund's ghost (journeyman GrFi)
 21931 | D:15     | Received a gift from Okawaru
 22245 | D:15     | Received a gift from Okawaru
 22456 | D:15     | Found a staircase to the Depths.
 23283 | D:15     | Reached XP level 16. HP: 138/138 MP: 29/31
 23428 | Orc:2    | Bought the +2 shield of Resistance {rF++ rC++ Will++} for
                  | 2538 gold pieces
 23428 | Orc:2    | Found the +2 shield of Resistance {rF++ rC++ Will++}
 23655 | Swamp:1  | Entered Level 1 of the Swamp
 23686 | Swamp:1  | Learned a level 2 spell: Blink
 23690 | Swamp:1  | Noticed Coysis's ghost (journeyman DEVM)
 23810 | Swamp:1  | Identified the amulet "Wiqasch" {Will+ Regen+ Dex+5}
 23819 | Swamp:1  | Found a transporter.
 23885 | Swamp:1  | Found a transporter.
 23942 | Swamp:1  | Received a gift from Okawaru
 24155 | Swamp:1  | Found a bloodstained altar of Trog.
 24293 | Swamp:2  | Reached XP level 17. HP: 84/144 MP: 32/32
 24534 | Swamp:2  | Received a gift from Okawaru
 25427 | Swamp:3  | Received a gift from Okawaru
 25815 | Swamp:3  | Identified the +2 robe of Hangman {rC+ Will- rCorr}
 26055 | Swamp:3  | Identified the +6 ring mail of the Salamander {Harm rC+
                  | Will++ Dex-4}
 26067 | Swamp:3  | Reached skill level 15 in Stealth
 26929 | Swamp:4  | Entered Level 4 of the Swamp
 26950 | Swamp:4  | Noticed Donald
 26969 | Swamp:4  | Killed Donald
 27590 | Swamp:3  | Reached skill level 10 in Conjurations
 27590 | Swamp:3  | Reached skill level 10 in Hexes
 27590 | Swamp:3  | Reached skill level 10 in Summonings
 27590 | Swamp:3  | Reached skill level 10 in Necromancy
 27590 | Swamp:3  | Reached skill level 10 in Translocations
 27590 | Swamp:3  | Reached skill level 10 in Transmutations
 27590 | Swamp:3  | Reached skill level 10 in Fire Magic
 27590 | Swamp:3  | Reached skill level 10 in Ice Magic
 27590 | Swamp:3  | Reached skill level 10 in Air Magic
 27590 | Swamp:3  | Reached skill level 10 in Earth Magic
 27590 | Swamp:3  | Reached skill level 10 in Poison Magic
 27780 | Swamp:4  | Received a gift from Okawaru
 27901 | Swamp:4  | Noticed Bai Suzhen
 28273 | Swamp:4  | Killed Bai Suzhen
 28305 | Swamp:4  | Reached XP level 18. HP: 64/154 MP: 34/34
 28719 | Swamp:4  | Got a decaying rune of Zot
 28912 | Spider:1 | Entered Level 1 of the Spider Nest
 28935 | Spider:1 | Noticed Azrael
 28942 | Spider:1 | Received a gift from Okawaru
 28964 | Spider:1 | Killed Azrael
 29129 | Spider:1 | Learned a level 2 spell: Passwall
 29249 | Spider:1 | Received a gift from Okawaru
 29345 | Spider:1 | Noticed Frances
 29364 | Spider:1 | Killed Frances
 29387 | Spider:1 | Found a frozen archway.
 29515 | IceCv    | Entered an ice cave
 29770 | IceCv    | Reached XP level 19. HP: 114/163 MP: 35/35
 30695 | Spider:1 | Noticed Mlioglotl
 30708 | Spider:1 | Killed Mlioglotl
 30708 | Spider:1 | Received a gift from Okawaru
 31054 | Spider:1 | Received a gift from Okawaru
 32054 | Spider:2 | Received a gift from Okawaru
 32698 | Spider:2 | Reached XP level 20. HP: 125/172 MP: 31/37
 33183 | Orc:2    | Bought the amulet "Rauxzyucs" {Reflect SH+5 SInv} for 618
                  | gold pieces
 33218 | Elf:1    | Entered Level 1 of the Elven Halls
 33411 | Elf:1    | Noticed Nikola
 33436 | Elf:1    | Killed Nikola
 33603 | Elf:1    | Identified the amulet of the Final Souls {Faith rElec
                  | Str+4}
 33769 | Elf:1    | Noticed Louise
 33777 | Elf:1    | Killed Louise
 33895 | Elf:1    | Found Debbin's Assorted Antiques.
 34009 | Elf:1    | Received a gift from Okawaru
 34333 | Elf:1    | Found an ancient bone altar of Kikubaaqudgha.
 34926 | Elf:2    | Received a gift from Okawaru
 34955 | Elf:2    | Found a runed translucent gate.
 34956 | Elf:2    | Found a runed translucent gate.
 34956 | Elf:2    | Found a runed translucent gate.
 35787 | Elf:3    | Entered Level 3 of the Elven Halls
 35787 | Elf:3    | Found Laost's Armour Emporium.
 35815 | Elf:3    | Found Durifu's Armour Shop.
 35977 | Elf:3    | Paralysed by an air elemental for 1 turns
 36215 | Elf:3    | Found Qoen's Antique Weapon Boutique.
 36234 | Elf:3    | Received a gift from Okawaru
 36406 | Elf:3    | Reached skill level 15 in Armour
 36406 | Elf:3    | Reached skill level 15 in Shields
 36490 | Elf:3    | Received a gift from Okawaru
 36883 | Elf:3    | Reached skill level 15 in Invocations
 36977 | Elf:3    | Reached XP level 21. HP: 108/181 MP: 38/38
 37335 | Elf:3    | Identified the +0 robe "Hoeff" {Rampage rPois Int-3 Dex+4}
 37335 | Elf:3    | Identified the amulet "Vahas" {RegenMP Rampage rN++ Regen+
                  | Str-2}
 37352 | Elf:3    | Identified the +5 ring mail "Aqutuwoh" {*Corrode Str+4
                  | Dex+4}
 37422 | Elf:3    | Got the Codex of Transfiguration
 37435 | Elf:3    | Identified the amulet "Kafokhlosk" {RegenMP Int+4}
 37438 | Elf:3    | Identified the +1 robe of Haacyz {Harm Drain rC+ Will+}
 37446 | Elf:3    | Identified the +3 scale mail "Quucvol" {Int+3 Stlth+}
 37468 | Elf:3    | Identified the +5 ice dragon scales "Pikowk" {Rampage rF-
                  | rC++ rN+}
 37505 | Elf:3    | Identified the +1 dagger of Generosity {heavy, rElec rF-
                  | Int+5}
 37644 | Elf:3    | Bought a crude eveningstar for 500 gold pieces
 37644 | Elf:3    | Identified the +9 eveningstar of Waixo {venom, Str+6} (You
                  | bought it in a shop on level 3 of the Elven Halls)
 37898 | Vaults:1 | Entered Level 1 of the Vaults
 37958 | Vaults:1 | Found a transporter.
 37968 | Vaults:1 | Noticed theMacoje's ghost (adept OgHs)
 37969 | Vaults:1 | Noticed Zonian's ghost (adept HOFi)
 37978 | Vaults:1 | Found a transporter.
 37980 | Vaults:1 | Noticed a dread lich
 37997 | Vaults:1 | Noticed howech's ghost (veteran MiGl)
 38044 | Vaults:1 | Received a gift from Okawaru
 38626 | Vaults:1 | Received a gift from Okawaru
 39418 | Vaults:2 | Received a gift from Okawaru
 39893 | Vaults:2 | Received a gift from Okawaru
 40041 | Vaults:2 | Reached skill level 15 in Axes
 40199 | Vaults:2 | You fall into a shaft and drop 2 floors!
 40260 | Vaults:4 | Received a gift from Okawaru
 40627 | Vaults:4 | Received a gift from Okawaru
 40744 | Vaults:4 | Reached XP level 22. HP: 187/192 MP: 35/40
 41082 | Vaults:4 | Received a gift from Okawaru
 41216 | Vaults:4 | Found Aceuw's Book Emporium.
 41378 | Vaults:4 | Received a gift from Okawaru
 41883 | Vaults:4 | Received a gift from Okawaru
 42237 | Vaults:3 | Noticed Saint Roka
 42261 | Vaults:3 | Killed Saint Roka
 42687 | Vaults:3 | Reached skill level 15 in Short Blades
 42687 | Vaults:3 | Reached skill level 15 in Long Blades
 42687 | Vaults:3 | Reached skill level 15 in Maces & Flails
 42687 | Vaults:3 | Reached skill level 15 in Polearms
 42687 | Vaults:3 | Reached skill level 15 in Staves
 42687 | Vaults:3 | Reached skill level 15 in Ranged Weapons
 42687 | Vaults:3 | Reached skill level 15 in Throwing
 42687 | Vaults:3 | Reached skill level 15 in Dodging
 42687 | Vaults:3 | Reached skill level 15 in Unarmed Combat
 42687 | Vaults:3 | Reached skill level 15 in Spellcasting
 42687 | Vaults:3 | Reached skill level 15 in Evocations
 42871 | Vaults:3 | Identified the +6 long sword of Mempuics {flame, Fragile
                  | rCorr Str+3 Dex+9}
 42901 | Vaults:3 | Found Dodwef's Magic Scroll Shoppe.
 42904 | Vaults:3 | Bought a scroll of teleportation for 60 gold pieces
 42904 | Vaults:3 | Bought a scroll of teleportation for 60 gold pieces
 42904 | Vaults:3 | Bought a scroll of teleportation for 60 gold pieces
 42904 | Vaults:3 | Bought a scroll of enchant armour for 150 gold pieces
 42904 | Vaults:3 | Bought a scroll of fog for 80 gold pieces
 42905 | Vaults:3 | Bought a scroll of magic mapping for 150 gold pieces
 43274 | Vaults:3 | Received a gift from Okawaru
 43647 | Vaults:2 | Noticed Boris
 43659 | Vaults:2 | Killed Boris
 43735 | Vaults:2 | Received a gift from Okawaru
 44249 | Vaults:2 | Found Unweiff's Weapon Emporium.
 44362 | Vaults:2 | Found a staircase to the Crypt.
 44867 | Vaults:2 | Identified the +0 pair of gloves of the Onion {Rampage rC+
                  | rCorr} (Okawaru gifted it to you on level 2 of the Vaults)
 44867 | Vaults:2 | Received a gift from Okawaru
 45674 | Vaults:1 | Killed a dread lich
 45675 | Vaults:1 | Reached XP level 23. HP: 150/201 MP: 36/42
 45684 | Vaults:1 | Killed Zonian's ghost
 45714 | Vaults:1 | Killed howech's ghost
 45724 | Vaults:1 | Killed theMacoje's ghost
 45785 | Vaults:1 | Identified the +3 hat "Jeriawk" {rCorr Int+2}
 45787 | Vaults:1 | Identified the +0 pair of boots "Doxzuk" {Str+3 Dex+2
                  | Stlth+}
 46003 | Depths:1 | Entered Level 1 of the Depths
 46017 | Depths:1 | Found a one-way gate to the infinite horrors of the Abyss.
 46390 | Depths:1 | Found a corrupted altar of Lugonu.
 46585 | Depths:1 | Found a runed translucent door.
 46666 | Depths:1 | Found a runed translucent door.
 46710 | Depths:1 | Found a gateway to Hell.
 46925 | Depths:1 | Identified the +0 pair of gloves "Otaoraam" {rCorr Str-2
                  | Int+3 Dex+2} (Okawaru gifted it to you on level 1 of the
                  | Depths)
 46925 | Depths:1 | Received a gift from Okawaru
 47335 | Depths:1 | Noticed a caustic shrike
 47336 | Depths:1 | Noticed a juggernaut
 47336 | Depths:1 | Noticed a juggernaut
 47336 | Depths:1 | Found the +2 pair of slick slippers {slick, slippery, EV+4}
 47352 | Depths:1 | Killed a caustic shrike
 47359 | Depths:1 | Killed a juggernaut
 47369 | Depths:1 | Killed a juggernaut
 48133 | Depths:2 | Paralysed by a floating eye for 3 turns
 48269 | Depths:2 | Reached XP level 24. HP: 173/211 MP: 43/43
 48628 | Depths:2 | Received a gift from Okawaru
 48909 | Depths:2 | Identified the +6 ring mail of the Invisible Hand {+Inv
                  | rElec rPois}
 49109 | Depths:2 | Found a one-way gate leading to the halls of Pandemonium.
 49267 | Depths:3 | Received a gift from Okawaru
 49403 | Depths:3 | Received a gift from Okawaru
 49798 | Depths:3 | Identified the ring "Ruoxariq" {rC- Will+ EV+5 Int+5}
 50032 | Depths:3 | Noticed the Enchantress
 50039 | Depths:3 | Killed the Enchantress
 50295 | Depths:3 | Found a one-way gateway to a ziggurat.
 50386 | Depths:3 | Received a gift from Okawaru
 50387 | Depths:3 | Noticed Grunn
 50388 | Depths:3 | Found Huess's General Store.
 51155 | Spider:4 | Entered Level 4 of the Spider Nest
 51163 | Spider:4 | Received a gift from Okawaru
 52191 | Spider:4 | Got a gossamer rune of Zot
 52653 | Spider:3 | Received a gift from Okawaru
 53411 | Orc:2    | Bought a scroll of enchant armour for 97 gold pieces
 53411 | Orc:2    | Bought a potion of heal wounds for 65 gold pieces
 53411 | Orc:2    | Bought a scroll of enchant armour for 97 gold pieces
 53511 | Elf:1    | Bought a scroll of fog for 164 gold pieces
 53511 | Elf:1    | Bought a potion of heal wounds for 205 gold pieces
 53511 | Elf:1    | Bought a potion of haste for 410 gold pieces
 53782 | Crypt:1  | Entered Level 1 of the Crypt
 53813 | Crypt:1  | Noticed Mennas
 53842 | Crypt:1  | Killed Mennas
 53930 | Crypt:1  | Found a magical portal.
 54000 | Crypt:1  | Received a gift from Okawaru
 54429 | Crypt:1  | Reached XP level 25. HP: 221/221 MP: 43/43
 54983 | Crypt:2  | Received a gift from Okawaru
 55077 | Crypt:3  | Entered Level 3 of the Crypt
 55323 | Crypt:3  | Found a staircase to the Tomb.
 55414 | Crypt:3  | Identified the +5 long sword of Eternal War {elec, Dex+2}
 56273 | Crypt:3  | Identified the ring "Bubloc" {+Blink rN+ rCorr}
 56273 | Crypt:3  | Identified the amulet "Puasufoc" {Regen+ rCorr}
 56273 | Crypt:3  | Identified the ring "Ybolem" {rPois rN+}
 56589 | Crypt:3  | Identified the ring of Wisdom {Drain +Blink rPois rF+
                  | Dex-5}
 56632 | Crypt:3  | Received a gift from Okawaru
 57135 | Crypt:3  | Noticed Jory
 57155 | Crypt:3  | Killed Jory
 57163 | Crypt:3  | Got the Grimoire of Fulgurant Geology
 57165 | Crypt:3  | Identified the +1 dagger "Avaun" {protect, rElec rF+}
 57233 | Crypt:3  | Identified the ring of Emul {rPois rC+ Dex+2}
 57685 | Crypt:2  | Noticed Boris
 57880 | Crypt:2  | Killed Boris
 57880 | Crypt:2  | Received a gift from Okawaru
 58497 | Crypt:2  | Found a runed translucent door.
 58498 | Crypt:2  | Noticed a dread lich
 58657 | Crypt:2  | Identified the ring of the Solstice {rN++ rCorr EV+5}
 59210 | Crypt:2  | Killed a dread lich
 59687 | Depths:2 | Received a gift from Okawaru
 59847 | Depths:3 | Received a gift from Okawaru
 59888 | Depths:3 | Killed Grunn
 59900 | Depths:3 | Reached XP level 26. HP: 99/221 MP: 44/44
 60206 | Depths:3 | Found Siriweicw's Antique Weapon Emporium.
 60227 | Depths:3 | Identified the +2 pair of boots of Recklessness {Fly rPois}
 60392 | Depths:4 | Entered Level 4 of the Depths
 60447 | Depths:4 | Received a gift from Okawaru
 60680 | Depths:4 | Reached skill level 15 in Conjurations
 60680 | Depths:4 | Reached skill level 15 in Hexes
 60680 | Depths:4 | Reached skill level 15 in Summonings
 60680 | Depths:4 | Reached skill level 15 in Necromancy
 60680 | Depths:4 | Reached skill level 15 in Translocations
 60680 | Depths:4 | Reached skill level 15 in Transmutations
 60680 | Depths:4 | Reached skill level 15 in Fire Magic
 60680 | Depths:4 | Reached skill level 15 in Ice Magic
 60680 | Depths:4 | Reached skill level 15 in Air Magic
 60680 | Depths:4 | Reached skill level 15 in Earth Magic
 60680 | Depths:4 | Reached skill level 15 in Poison Magic
 60718 | Depths:4 | Received a gift from Okawaru
 61003 | Depths:4 | Found a gate to the Realm of Zot.
 61778 | Vaults:5 | Entered Level 5 of the Vaults
 62077 | Vaults:5 | Received a gift from Okawaru
 62095 | Vaults:5 | Identified the +9 halberd "Tuem Ron" {freeze, rPois}
 62103 | Vaults:5 | Gained mutation: You occasionally shout uncontrollably at
                  | your foes. [a cacodemon]
 62154 | Vaults:5 | Identified the +3 plate armour "Hygywal" {rElec rN+ Int-3
                  | Dex+3}
 62182 | Vaults:5 | Received a gift from Okawaru
 62202 | Vaults:5 | Got a silver rune of Zot
 62203 | Vaults:5 | Identified the +4 morningstar of Enaroiz {heavy, rC+}
 62359 | Vaults:5 | Identified the +2 scale mail "Mutreneg" {SInv}
 62421 | Vaults:5 | Identified the ring "Teweugih" {Fly rPois rF- Int-5 Slay+6}
 62648 | Vaults:5 | Identified the +3 arbalest of Mur Dirch {drain, rF+}
 62694 | Vaults:5 | Identified the +11 mace of the Bear {heavy, Fly Int+3}
 62833 | Vaults:5 | Received a gift from Okawaru
 62982 | Vaults:5 | Reached XP level 27. HP: 221/242 MP: 45/45
 63196 | Vaults:5 | Got the Papyrus of the Geodesic
 63331 | Vaults:5 | Identified the scarf of Okawaru's Inspiration {rC+ rF+,
                  | Slay+3} (Okawaru gifted it to you on level 5 of the Vaults)
 63331 | Vaults:5 | Received a gift from Okawaru
 63904 | D:15     | Killed Ijustatesigmund's ghost
 63937 | D:15     | Bought a potion of might for 108 gold pieces
 64025 | Depths:1 | Voluntarily entered the Abyss.
 64405 | Abyss:2  | Found a corrupted altar of Lugonu.
 64732 | Abyss:2  | Lost mutation: You occasionally shout uncontrollably at
                  | your foes. [potion of mutation]
 64732 | Abyss:2  | Gained mutation: You are weak. (Str -2) [potion of
                  | mutation]
 64732 | Abyss:2  | Gained mutation: You are partially covered in iridescent
                  | scales. (AC +2) [potion of mutation]
 64753 | Abyss:2  | Lost mutation: You are partially covered in iridescent
                  | scales. (AC +2) [potion of mutation]
 64753 | Abyss:2  | Lost mutation: You are weak. (Str -2) [potion of mutation]
 64753 | Abyss:2  | Gained mutation: You are frail. (-10% HP) [potion of
                  | mutation]
 64753 | Abyss:2  | Gained mutation: Your body sometimes deteriorates upon
                  | taking damage. [potion of mutation]
 64753 | Abyss:2  | Gained mutation: You are agile. (Dex +4, Str/Int -1)
                  | [potion of mutation]
 64755 | Abyss:2  | Lost mutation: You are agile. (Dex +4, Str/Int -1) [potion
                  | of mutation]
 64755 | Abyss:2  | Lost mutation: You are frail. (-10% HP) [potion of
                  | mutation]
 64755 | Abyss:2  | Lost mutation: Your body sometimes deteriorates upon taking
                  | damage. [potion of mutation]
 64755 | Abyss:2  | Gained mutation: You possess an exceptional clarity of
                  | mind. [potion of mutation]
 64858 | Abyss:2  | Found a corrupted altar of Lugonu.
 64861 | Abyss:3  | Found a corrupted altar of Lugonu.
 65301 | Abyss:3  | Got an abyssal rune of Zot
 65358 | Depths:1 | Escaped the Abyss
 65602 | Slime:1  | Entered Level 1 of the Pits of Slime
 65937 | Slime:2  | Received a gift from Okawaru
 66079 | Slime:3  | Gained mutation: Your body sometimes deteriorates upon
                  | taking damage. [a shining eye]
 66109 | Slime:5  | Entered Level 5 of the Pits of Slime
 66403 | Slime:5  | Noticed the Royal Jelly
 66482 | Slime:4  | Learned a level 3 spell: Frozen Ramparts
 66487 | Slime:4  | Learned a level 4 spell: Manifold Assault
 66493 | Slime:4  | Learned a level 5 spell: Metabolic Englaciation
 66572 | Slime:4  | Received a gift from Okawaru
 66589 | Slime:4  | Gained mutation: Armour fits poorly on your strangely
                  | shaped body. [a shining eye]
 66610 | Slime:4  | Lost mutation: Armour fits poorly on your strangely shaped
                  | body. [potion of mutation]
 66610 | Slime:4  | Lost mutation: Your body sometimes deteriorates upon taking
                  | damage. [potion of mutation]
 66610 | Slime:4  | Gained mutation: You occasionally lose the ability to drink
                  | potions when taking damage. [potion of mutation]
 66610 | Slime:4  | Gained mutation: You are partially covered in iridescent
                  | scales. (AC +2) [potion of mutation]
 66709 | Slime:5  | Found a viscous altar of Jiyva.
 66799 | Slime:5  | Killed the Royal Jelly
 66869 | Slime:5  | Got a slimy rune of Zot
 66902 | Slime:5  | Identified the +2 buckler "Huleitap" {MP+9 Str+2}
 66916 | Slime:5  | Identified the +6 falchion of Reason {flame, Int+4}
 66919 | Slime:5  | Got Nazasity's Compilation of Rank Electrocution
 66927 | Slime:5  | Identified the +5 quarterstaff of Slow Death {vamp, Fly
                  | rPois Int+4}
 66929 | Slime:5  | Identified the staff of poison "Nouwn" {rPois Dex+4 Stlth-}
 66936 | Slime:5  | Identified the +4 broad axe of Pozu {freeze, rElec Stlth+}
 66941 | Slime:5  | Identified the +1 broad axe of Success {flame, rPois Str+4}
 67354 | Zig:1    | Entered Level 1 of a ziggurat
 67374 | Zig:2    | Entered Level 2 of a ziggurat
 67398 | Zig:3    | Entered Level 3 of a ziggurat
 67435 | Zig:4    | Entered Level 4 of a ziggurat
 67550 | Zig:5    | Entered Level 5 of a ziggurat
 67555 | Zig:5    | Noticed an orb of fire
 67571 | Zig:5    | Killed an orb of fire
 67571 | Zig:5    | Received a gift from Okawaru
 67599 | Zig:5    | Got Iduem's Secrets of Violent Doom
 67611 | Zig:6    | Entered Level 6 of a ziggurat
 67654 | Zig:6    | Identified the +8 chain mail of the Jabberwock {rN+ rCorr
                  | SInv}
 67659 | Zig:6    | Got Sif Muna's Handbook of the Frostbitten Lithosphere
 67666 | Zig:6    | Identified the +0 cloak of Nemelex Xobeh's Pride {rC+
                  | rCorr}
 67674 | Zig:6    | Identified the staff of fire "Umomm" {rF+ Stlth+}
 67686 | Zig:7    | Entered Level 7 of a ziggurat
 67719 | Zig:7    | HP: 12/241 [poisoned by a tainted leviathan (dark miasma)]
 67719 | Zig:7    | Slain by a tainted leviathan

Illustrated notes

Levels and vault maps discovered:
D:1:      onia_arrival_pentagram, layout_loops_ring,
          minmay_misc_feat_secret_circle, minmay_cupped
D:2:      layout_rooms, serial_co_window_serial, co_window_corner_a,
          co_window_of_opportunity_a, co_window_paths_b, co_window_corner_a,
          co_window_paths_b, co_window_broadway_a, co_window_corner_cb,
          co_window_corner_cb, co_window_unsneaky_path_c,
          co_window_unsneaky_path_a, co_window_of_opportunity_c,
          co_window_corner_cb, glass_columns_b, glass_columns_b,
          glass_columns_a, glass_columns_a, serial_shops,
          nicolae_shop_statue_plus
D:3:      wad_river_or_something, layout_loops_ring, xom_teletrap_fun,
          shapermc_ecumenical_altar_pompeii, amethyst_killhole, kennysheep_boxes
D:4:      layout_loops_ring, grunt_nemelex_the_gamble,
          minmay_temple_entry_trees, lemuel_flame_loot_1, uniq_menkaure
D:5:      cheibrodos_two_vegetables, layout_cave_pools, serial_demonic,
          serial_demonic_f, serial_demonic_b, serial_demonic_a,
          serial_demonic_b, item_on_display_a, uniq_pikel
D:6:      layout_basic, serial_rivers, chequers_serial_rivers_micro_b,
          chequers_serial_rivers_large_a, chequers_serial_rivers_marsh,
          chequers_serial_rivers_micro_e, chequers_serial_rivers_micro_e,
          nicolae_lava_and_water, st_stairs_11, kennysheep_pointless_box,
          minmay_manual_macuahuitl
D:7:      layout_loops_ring, small_statue_intersection
D:8:      layout_loops_ring, mainiacjoe_overflow_boulevard, lair_entry_dummy,
          hangedman_abyss_or_decor_slice
D:9:      layout_roguey, dreamdust_divine_triumvirate, nicolae_vehumet_radiance,
          minmay_crystal_water, minmay_statue_bubble, uniq_harold, uniq_erolcha
D:10:     layout_gridville, grunt_dithmenos_smoke_and_mirrors,
          grunt_temple_overflow_open, serial_shops, nicolae_shop_hallway_plus,
          st_stairs_9, grunt_decor_clamped, nooodl_orcs_dogs
D:11:     layout_loops_ring, serial_bayou, serial_bayou_pond_b,
          serial_bayou_shore_b, serial_bayou_pond_a, serial_bayou_pond_c,
          nicolae_trove_entry_path_of_doom
D:12:     layout_gridville, erik_orc_1
D:13:     layout_basic, serial_shops, shop
D:14:     layout_loops_ring, david_vaults_1, minmay_misc_feat_cross,
          grunt_tough_drop
D:15:     hangedman_depths_entry_try_elsewhere_first, layout_irregular_city,
          ebering_ghost_gozag, serial_shops, shop, dk_noncrumbling_2,
          uniq_jorgrun, uniq_josephine
Temple:   nicolae_temple_x_marks_the_god
Lair:1:   layout_layer_cave, beast_lair_carwin_11, serial_bayou_shore_b
Lair:2:   layout_hall_layers, nicolae_spider_entry_orb_guardian,
          lemuel_fruit_tree, uniq_nergalle, uniq_urug
Lair:3:   layout_chaotic_city, minmay_swamp_entry_worms, nicolae_lair_lindhole,
          uniq_rupert
Lair:4:   layout_gridlike, slime_entry_1, nicolae_quartered_pool_super
Lair:5:   minmay_lair_end_frog_pond, layout_misc_corridors
Swamp:1:  layout_basic_swamp, gammafunk_ghost_wrathful_warriors,
          nicolae_swamp_ascending_descending, swamp_pool4,
          nicolae_swamp_well_well_well
Swamp:2:  layout_basic_swamp, evilmike_swamp_ruin_house_6, swamp_pool2,
          hangedman_swamp_diagram
Swamp:3:  layout_basic_swamp, serial_swamp_ruin, hangedman_swamp_ruin_wall,
          evilmike_swamp_ruin_rubble_2, swamp_pool1
Swamp:4:  swamp, layout_basic_swamp, nicolae_swamp_alligator_family,
          uniq_bai_suzhen, uniq_donald
Spider:1: layout_spider_delve, portal_ice_cave_entry_ugly_swarm,
          nicolae_spider_undead_wolf_pack, uniq_frances, uniq_mlioglotl,
          uniq_azrael
Spider:2: layout_spider_delve, nicolae_spider_rock_and_or_roll
Spider:3: layout_spider_delve, nicolae_spider_scorpion_nest
Spider:4: hellmonk_spider_rune_bug_friends
Slime:1:  layout_caves
Slime:2:  layout_caves, nicolae_slime_round_cave
Slime:3:  layout_caves
Slime:4:  layout_caves
Slime:5
Orc:1:    layout_caves
Orc:2:    grunt_orc_cross, layout_caves, basic_altar, gauntlet_entry_generic,
          serial_shops, shop
Elf:1:    eino_elf_arrival_shootout, layout_loops_corners, basic_altar,
          serial_shops, shop, hangedman_elf_represent, uniq_nikola, uniq_louise
Elf:2:    nicolae_elf_blades_crystal_corner, layout_loops_corners,
          nicolae_elf_big_sculpture_1
Elf:3:    minmay_elf_hall_circle, layout_geoelf_grid, serial_shops, shop,
          nicolae_shop_peninsula, shop, minivault_28
Vaults:1: nzn_ghost_randoct, nicolae_vaults_heart-shaped_vault, v_misc_15,
          nicolae_vaults_trapezoid_lopsided_3,
          nicolae_vaults_diagonal_hallway_8, nicolae_vaults_gold_heap,
          nicolae_vaults_double_plus_2, nicolae_vaults_big_ls,
          nicolae_vaults_closet_pinwheel_6,
          vaults_standard_mumra_enter_the_diamond, v_alt_pattern_2,
          nicolae_vaults_cornered_office, nicolae_vaults_asterisk,
          nicolae_vaults_circle_grid_a, layout_vaults_maze_bifur
Vaults:2: v_misc_10, nicolae_vaults_sightless_eye, ontoclasm_vaults_idyll,
          minmay_crypt_entry_simple_walls, nicolae_vaults_border_crossing,
          grunt_vaults_bifocal, v_misc_18, hangedman_vaults_slice,
          nicolae_vaults_what_the_h, layout_vaults_omnigrid, serial_shops,
          nicolae_shop_waterfront, uniq_boris, uniq_xtahua
Vaults:3: nicolae_vaults_trapezoid_lopsided_1, ontoclasm_vaults_bender,
          v_misc_15, nicolae_vaults_six-pack,
          vaults_room_grunt_arrival_checkpoint, nicolae_vaults_tetromino_L_1,
          grunt_vaults_hallway_short, vaults_dpeg_diagonal,
          ontoclasm_vaults_hangar, nicolae_vaults_tetromino_Z_1,
          nicolae_vaults_storage_closets_1, nicolae_vaults_tetromino_L_2,
          layout_vaults_omnicross, serial_shops, nicolae_shop_rolled_up,
          uniq_saint_roka
Vaults:4: nicolae_vaults_diamond_1, nicolae_vaults_asterisk,
          nicolae_vaults_closet_pinwheel_4, v_misc_10, nicolae_vaults_asterisk,
          ontoclasm_vaults_misaligned, v_rooms_2, nicolae_vaults_asterisk,
          nicolae_vaults_alarming, ontoclasm_vaults_hangar,
          nicolae_vaults_rhombus_7, v_misc_22, nicolae_vaults_yaktaur_gun_rack,
          nicolae_vaults_apartment_2, nicolae_vaults_trapezoid_2,
          nicolae_vaults_circle_grid_b, hangedman_vaults_capsules,
          layout_vaults_big_room, serial_shops, nicolae_book_shop_shelving
Vaults:5
Crypt:1:  layout_misc_corridors, mu_enter_wizlab_6, grunt_crypt_arrival_split,
          uniq_mennas
Crypt:2:  cheibrodos_crypt_cold_storage, layout_gridlike, chequers_big_river
Crypt:3:  due_elkab, layout_chaotic_city, weyrava_ghost_lake
Depths:1: minmay_expanding_circles, layout_gridlike, grunt_hell_horde,
          hangedman_abyss_entry_splay, minmay_misc_feat_hallway,
          tgw_lugonu_bribe
Depths:2: hangedman_arch_fort, layout_basic, grunt_pan_entry_sceptre,
          pf_hell_entry_tar_spiral, grunt_decor_one_mirror, hex_medium
Depths:3: grunt_forest_end_winery, layout_cave_shapes, enter_ziggurat_e,
          abyss_entry, chequers_serial_rivers_small_b, hell_entry, serial_shops,
          shop, minmay_staircase_windowed_small, minmay_shop_star, uniq_grunn
Depths:4: grunt_x_marks_the_spot, layout_cave_pools, hangedman_coc_ice_floe,
          abyss_entry_small_statue_room
Zig:7

Skill      XL: |  1  2  3  4  5  6  7  8  9 10 11 12 13 14 15 16 17 18 19 20 21 22 23 24 25 26 27 |
---------------+----------------------------------------------------------------------------------+-----
Invocations    | 1 2 3 4 5 6 7 8 10 12 13 14 15 16 17 18 19 20 | 20.4
Short Blades   | 1 2 3 5 6 7 8 9 10 11 12 13 14 15 16 17 18 | 18.9
Long Blades    | 1 2 3 5 6 7 8 9 10 11 12 13 14 15 16 17 18 | 18.9
Maces & Flails | 1 2 3 5 6 7 8 9 10 11 12 13 14 15 16 17 18 | 18.9
Polearms       | 1 2 3 5 6 7 8 9 10 11 12 13 14 15 16 17 18 | 18.9
Staves         | 1 2 3 5 6 7 8 9 10 11 12 13 14 15 16 17 18 | 18.9
Ranged Weapons | 1 2 3 5 6 7 8 9 10 11 12 13 14 15 16 17 18 | 18.9
Throwing       | 1 2 3 5 6 7 8 9 10 11 12 13 14 15 16 17 18 | 18.9
Dodging        | 1 2 3 5 6 7 8 9 10 11 12 13 14 15 16 17 18 | 18.9
Stealth        | 1 2 3 5 6 8 10 11 12 14 15 16 17 18 19 20 21 22 23 24 25 | 25.2
Unarmed Combat | 1 2 3 5 6 7 8 9 10 11 12 13 14 15 16 17 18 | 18.9
Spellcasting   | 1 2 3 5 6 7 8 9 10 11 12 13 14 15 16 17 18 | 18.9
Evocations     | 1 2 3 5 6 7 8 9 10 11 12 13 14 15 16 17 18 | 18.9
Conjurations   | 1 2 3 4 5 6 7 8 9 10 11 12 13 14 15 16 | 16.1
Hexes          | 1 2 3 4 5 6 7 8 9 10 11 12 13 14 15 16 | 16.1
Summonings     | 1 2 3 4 5 6 7 8 9 10 11 12 13 14 15 16 | 16.1
Necromancy     | 1 2 3 4 5 6 7 8 9 10 11 12 13 14 15 16 | 16.1
Translocations | 1 2 3 4 5 6 7 8 9 10 11 12 13 14 15 16 | 16.1
Transmutations | 1 2 3 4 5 6 7 8 9 10 11 12 13 14 15 16 | 16.1
Fire Magic     | 1 2 3 4 5 6 7 8 9 10 11 12 13 14 15 16 | 16.1
Ice Magic      | 1 2 3 4 5 6 7 8 9 10 11 12 13 14 15 16 | 16.1
Air Magic      | 1 2 3 4 5 6 7 8 9 10 11 12 13 14 15 16 | 16.1
Earth Magic    | 1 2 3 4 5 6 7 8 9 10 11 12 13 14 15 16 | 16.1
Poison Magic   | 1 2 3 4 5 6 7 8 9 10 11 12 13 14 15 16 | 16.1
Axes           | 5 6 7 8 9 10 11 12 13 14 15 16 17 18 19 21 | 21.0
Fighting       | 7 8 10 11 12 13 14 15 16 17 18 19 20 21 22 23 24 25 | 25.9
Armour         | 7 8 9 10 11 12 13 14 15 16 17 18 19 | 19.8
Shields        | 7 8 9 10 11 12 13 14 15 16 17 18 19 20 | 20.5

Action                     |  1- 3 |  4- 6 |  7- 9 | 10-12 | 13-15 | 16-18 | 19-21 | 22-24 | 25-27 || total
---------------------------+-------+-------+-------+-------+-------+-------+-------+-------+-------++-------
  Melee: War axe           |    96 |   135 |   231 |   607 |  1277 |   407 |   952 |       |       ||  3705
         Bite              |     6 |    10 |    26 |    68 |   213 |   125 |   256 |   383 |   600 ||  1687
         Flail             |       |       |       |       |       |   357 |       |       |       ||   357
         Eveningstar       |       |       |       |       |       |       |   488 |  1879 |  1471 ||  3838
         Trishula          |       |       |       |       |       |       |       |   117 |  1469 ||  1586
  Throw: Throwing net      |       |     1 |       |       |       |       |       |       |     1 ||     2
         Dart              |       |       |       |     1 |     7 |     4 |     1 |     1 |       ||    14
         Javelin           |       |       |       |       |       |       |       |       |     1 ||     1
   Cast: Passwall          |       |       |       |       |       |     1 |       |       |     2 ||     3
         Metabolic Englaci |       |       |       |       |       |       |       |       |     2 ||     2
         Frozen Ramparts   |       |       |       |       |       |       |       |       |     1 ||     1
 Invoke: Heroism           |       |       |       |    24 |    28 |    13 |    37 |    30 |    32 ||   164
         Finesse           |       |       |       |       |     5 |     5 |     7 |     8 |    17 ||    42
         Duel              |       |       |       |       |     1 |       |       |       |       ||     1
  Evoke: Wand              |       |       |     3 |     8 |       |     2 |       |     2 |       ||    15
    Use: Scroll            |     3 |     8 |     2 |    14 |    11 |     6 |    15 |    15 |    12 ||    86
         Potion            |       |     3 |     6 |     5 |    14 |     5 |     7 |    19 |    15 ||    74
   Stab: Confused          |       |       |       |     1 |       |     1 |       |       |       ||     2
         Invisible         |       |       |       |       |    17 |       |    16 |     8 |       ||    41
         Held in net/web   |       |       |       |       |       |       |     1 |       |     1 ||     2
         Distracted        |       |       |       |       |       |       |       |     1 |     6 ||     7
         Sleeping          |       |       |       |       |       |       |       |       |     2 ||     2
 Armour: Scale mail        |    47 |     8 |       |       |       |       |       |       |       ||    55
         Chain mail        |       |    49 |       |       |       |       |       |       |       ||    49
         Crystal plate arm |       |     9 |   215 |   381 |   593 |   480 |   838 |   952 |   961 ||  4429
  Dodge: Dodged            |    57 |    71 |    73 |   171 |   282 |   277 |   515 |   737 |  1258 ||  3441
  Block: Buckler           |    39 |    42 |    77 |    80 |       |       |       |       |       ||   238
         Kite shield       |       |       |       |   283 |   944 |   561 |  1110 |  1381 |  1872 ||  6151
         Reflection        |       |       |       |       |       |       |     2 |       |       ||     2
